 Dungeon Crawl Stone Soup version 0.30-a0-956-gcec3b41aec (webtiles) character file.

Game seed: 11285297923563640237

105 Newt the Shooter (level 5, -2/35 HPs)
             Began as a Kobold Hunter on Mar 29, 2023.
             Slain by Pikel
             ... wielding a +2 whip of flaming
              (7 damage)
             ... on level 3 of the Dungeon.
             The game lasted 00:02:12 (3132 turns).

Newt the Shooter (Kobold Hunter)                    Turns: 3132, Time: 00:02:12

Health: -2/35      AC:  4    Str: 14    XL:     5   Next: 9%
Magic:  5/5        EV: 15    Int: 10    God:
Gold:   196        SH:  0    Dex: 23    Spells: 4/4 levels left

rFire   x . .      SeeInvis .    a - +0 shortbow
rCold   + . .      Faith    .    (shield currently unavailable)
rNeg    . . .      Spirit   .    c - +0 leather armour
rPois   .          Reflect  .    (no helmet)
rElec   .          Rampage  .    (no cloak)
rCorr   .                        (no gloves)
Will    +....                    d - +0 pair of boots
Stlth   +++                      (no amulet)
HPRegen 0.25/turn                e - +6 ring of strength
MPRegen 0.09/turn                k - ring of Xacorchei {Ice Will+ Dex+2 Slay+3}

@: hasted, very quick
A: small, no large weapons, nightstalker 3
a: no special abilities


You were on level 3 of the Dungeon.
You visited 1 branch of the dungeon, and saw 4 of its levels.

You collected 196 gold pieces.

Inventory:

Hand Weapons
 a - a +0 shortbow (weapon)
Armour
 c - a +0 leather armour (worn)
 d - a +0 pair of boots (worn)
Jewellery
 e - a +6 ring of strength (left hand)
 k - the ring of Xacorchei (right hand) {Ice Will+ Dex+2 Slay+3}
   (You found it on level 2 of the Dungeon)

   [ring of ice]

   It enhances your ice magic.
   Dex:       It affects your dexterity (+2).
   Slay:      It affects your accuracy & damage with ranged weapons and melee
   (+3).
   rF:        It makes you vulnerable to fire.
   rC:        It protects you from cold.
   Will:      It increases your willpower.
Wands
 h - a wand of polymorph (10)
Scrolls
 b - 3 scrolls of immolation
 g - a scroll of vulnerability
Potions
 f - a potion of brilliance
 l - a potion of haste
 m - a potion of flight


   Skills:
 - Level 5.0 Fighting
 + Level 5.8 Ranged Weapons
 - Level 2.4 Dodging
 - Level 1.3 Stealth


You had 4 spell levels left.
You didn't know any spells.
Your spell library contained the following spells:

 Spells                   Type           Power      Damage    Failure   Level
 Ensorcelled Hibernation  Hex/Ice        0%         N/A       58%         2
 Spider Form              Tmut/Pois      0%         N/A       82%         3
 Anguish                  Hex/Necr       0%         N/A       99%         4


Dungeon Overview and Level Annotations

Branches:
Dungeon (4/15)
 Temple: D:4-7

Altars:
Ashenzari

Shops:
D:1 [

Annotations:
D:3 Pikel


Innate Abilities, Weirdness & Mutations

You are small and have problems with some larger weapons.
You are completely attuned to the shadows.


Message History

You shoot an arrow. The arrow hits the lemure.
The lemure is lightly wounded.
The lemure hits you but does no damage.
You shoot an arrow. The arrow hits the lemure!
The lemure is heavily wounded.
The lemure hits you.
You shoot an arrow. The arrow hits the lemure!
The lemure is almost dead.
The lemure completely misses you.
You shoot an arrow. The arrow hits the lemure.
You kill the lemure!
That felt strangely unrewarding.
No target in view!
No target in view!
You start resting.
HP restored.
You start waiting.
Done waiting.
You can't go up here!
You climb downwards.
Level annotation: Pikel Pikel hits you with a +2 whip of flaming!
Pikel burns you. The lemure hits you!
There is a stone staircase leading up, spattered with blood here.
The lemure closely misses you.
Pikel hits you with a +2 whip of flaming!
* * * LOW HITPOINT WARNING * * *
Pikel burns you.
* * * LOW HITPOINT WARNING * * *
You climb upwards.
There is a stone staircase leading down here.
As you read the scroll labelled ESURA DUHUISY, it crumbles to dust.
The scroll dissolves into smoke.
It was a scroll of fog.
The lemure barely misses you. Pikel misses you.
It was a potion of curing.
You feel better. The lemure hits you.
* * * LOW HITPOINT WARNING * * *
Pikel misses you.
You feel yourself speed up. The lemure barely misses you.
Pikel hits you with a +2 whip of flaming!
You die...

######### ### #§K@5§..#
##.## #§#####.# #...## #.#
#.# .....#########.#####.#
...................#)#######
.....#######...###.........#
#...## #.....####.#####.#
##.## ##...#####.# #.# #.#
##........#####.####


You could see Pikel and a lemure.

Vanquished Creatures
  3 lemures
  3 adders
  2 worms
  A dart slug (D:1)
  3 orcs (D:3)
  5 bats
  6 endoplasms
  3 giant cockroaches
  4 goblins
  7 hobgoblins
  7 jackals
  3 quokkas
  6 ball pythons
  7 frilled lizards
  2 kobolds
  7 rats
69 creatures vanquished.

Notes
Turn   | Place    | Note
-------+----------+-------------------------------------------
     0 | D:1      | Newt the Kobold Hunter began the quest for the Orb.
     0 | D:1      | Reached XP level 1. HP: 12/12 MP: 1/1
    39 | D:1      | Reached XP level 2. HP: 15/18 MP: 2/2
    73 | D:1      | Found Kuack's Armour Emporium.
   373 | D:1      | Reached XP level 3. HP: 20/23 MP: 3/3
   549 | D:1      | You fall into a shaft and drop 1 floor!
   562 | D:2      | Identified the ring of Xacorchei {Ice Will+ Dex+2 Slay+3}
  1076 | D:2      | Reached XP level 4. HP: 30/30 MP: 4/4
  2231 | D:3      | Reached skill level 5 in Fighting
  2253 | D:3      | Found a broken altar of Ashenzari.
  2392 | D:3      | Reached XP level 5. HP: 35/35 MP: 5/5
  2893 | D:4      | Noticed a lemure
  2893 | D:4      | Noticed a lemure
  2957 | D:3      | Killed a lemure
  2961 | D:4      | Noticed a lemure
  2966 | D:4      | Noticed a lemure
  2969 | D:4      | Killed a lemure
  2969 | D:4      | Noticed Pikel
  2977 | D:3      | Killed a lemure
  3128 | D:4      | HP: 1/35 [Pikel/+2 whip of flaming (4)]
  3132 | D:3      | Slain by Pikel

Illustrated notes

Levels and vault maps discovered:
D:1:      minmay_arrival_shattered_statue, layout_loops_ring, serial_shops,
          nicolae_shop_crystal, minmay_misc_feat_alley
D:2:      layout_basic
D:3:      layout_loops_corners, nicolae_ashenzari_panopticon, minivault_19
D:4:      minmay_general_purpose_star, layout_loops_ring,
          nicolae_uskayaw_dance_hall, trog_three_pillars_becter, uniq_pikel,
          uniq_grinder

Skill      XL: |  1  2  3  4 |
---------------+-------------+-----
Fighting       | 3 4 5 |  5.0
Ranged Weapons | |  5.8
Dodging        | |  2.4
Stealth        | |  1.3

Action                     |  1- 3 |  4- 6 || total
---------------------------+-------+-------++-------
   Fire: Shortbow          |    74 |    88 ||   162
    Use: Scroll            |     2 |     5 ||     7
         Potion            |       |     3 ||     3
 Armour: Leather armour    |     6 |     8 ||    14
  Dodge: Dodged            |    22 |    41 ||    63

Table legend: (Time is in decaauts)
 A = Elapsed time spent in this place.
 B = Non-inter-level travel time spent in this place.
 C = Inter-level travel time spent in this place.
 D = Time resting spent in this place.
 E = Time spent auto-exploring this place.
 F = Levels seen in this place.
 G = Mean time per level.
                   A        B        C        D        E       F      G
               +--------+--------+--------+--------+--------+-----+--------+
         Total |   3177 |   3039 |    138 |    288 |   2406 |   4 |  794.2 |
       Dungeon |   3177 |   3039 |    138 |    288 |   2406 |   4 |  794.2 |
               +--------+--------+--------+--------+--------+-----+--------+

Top non-repeatable levels by time:
     D:3: 1389 daAuts
     D:2: 901 daAuts
     D:1: 861 daAuts
     D:4: 25 daAuts
